Cogmind - Beta 17 @@@ ROGUE MODE // 2026.08.04 @ 18:55:36 Player: P9H Result: Destroyed by B-75 Beast with Magnetic Acceleration Cannon Performance ------------- Evolutions (4) 2000 Regions Visited (10) 2000 Robots Destroyed (97) 485 Value Destroyed (3208) 3208 Prototype IDs (4) 80 Alien Tech Used (0) 0 Bonus (151) 151 TOTAL SCORE: 7924 Bonus ------- Follower Combat Kills 151 Cogmind --------- Core Integrity 0/850 Matter 275/300 Energy 107/300 System Corruption 4% Temperature Cool (9) Movement Core (1650) Ox32 Location -6/Extension Parts ------- > --- POWER (2) -------- Angular Momentum Engine > --- PROPULSION (4) --- (None) > --- UTILITY (7) ------ Improved Heat Sink Huge Storage Unit Experimental Terrain Scan Processor Improved Targeting Computer Improved Melee Analysis Suite Advanced Melee Analysis Suite Target Analyzer > --- WEAPON (2) ------- Vibroblade > --- INVENTORY (25) --- Improved Ion Engine Light Angular Momentum Engine Light Angular Momentum Engine Fission Core Armored Leg Improved Thermal Generator High-capacity Matter Pod (200) Energy Filter Improved Particle Charger Improved Light Armor Plating High-powered Tractor Beam High-powered Tractor Beam High-powered Tractor Beam Heavy Plasma Cannon Heavy Plasma Cannon Autogun Gauss Rifle Flak Gun Coil Gun Assault Cannon Power Maul Peak State ------------ > --- POWER ------------ Improved Deuterium Engine Improved Deuterium Engine > --- PROPULSION ------- Carbon-fiber Leg Carbon-fiber Leg Carbon-fiber Leg Carbon-fiber Leg > --- UTILITY ---------- Improved Heat Sink Huge Storage Unit Experimental Terrain Scan Processor Improved Targeting Computer Improved Melee Analysis Suite Advanced Melee Analysis Suite Target Analyzer > --- WEAPON ----------- Power Maul Vibroblade > --- INVENTORY -------- Improved Ion Engine Light Nuclear Core Angular Momentum Engine Light Angular Momentum Engine Light Angular Momentum Engine Fission Core Armored Leg Wheel Improved Thermal Generator Improved Heat Sink High-capacity Matter Pod Energy Filter Improved Particle Charger Improved Light Armor Plating High-powered Tractor Beam High-powered Tractor Beam High-powered Tractor Beam Heavy Plasma Cannon Heavy Plasma Cannon Autogun Gauss Rifle Flak Gun Coil Gun Assault Cannon Power Maul [Rating: 67] Favorites ----------- Power Ion Engine Engine Ion Engine Power Core Light Neutrino Core Reactor Light Antimatter Reactor Propulsion Wheel Treads Light Treads Leg Aluminum Leg Wheel Wheel Hover Unit Gravmag System Utility Huge Storage Unit Device Tractor Beam Storage Huge Storage Unit Processor Improved Targeting Computer Protection Improved Medium Armor Plating Weapon Assault Rifle Energy Gun Gatling Laser Ballistic Gun Assault Rifle Ballistic Cannon Slug Cannon Launcher Shock Bomb Launcher Impact Weapon Power Maul Slashing Weapon Vibroblade Build | -11 -10 -10 -10 -9 -8 -7 -7 -7 -6 -6 ------- Run | Yrd Mat Min Exi Min Mat Fac Low Low Fac Ext Slots Evolved 8 | . . . . . 4 2 . . 2 . Power 1 | . . . . . 1 . . . . . Propulsion 2 | . . . . . 1 1 . . . . Utility 5 | . . . . . 2 1 . . 2 . Weapon . | . . . . . . . . . . . Parts Attached 117 | 6 7 1 . 1 13 38 9 . 30 12 Power 28 | 1 . . . . 4 8 2 . 9 4 Engine 19 | 1 . . . . 4 5 1 . 5 3 Core 8 | . . . . . . 3 1 . 3 1 Reactor 1 | . . . . . . . . . 1 . Propulsion 35 | 2 4 . . . 3 10 3 . 7 6 Treads 6 | . 2 . . . . 3 . . . 1 Leg 12 | . 2 . . . 3 1 2 . . 4 Wheel 16 | 2 . . . . . 6 1 . 6 1 Hover 1 | . . . . . . . . . 1 . Flight . | . . . . . . . . . . . Utility 30 | 1 3 . . . 5 7 3 . 9 2 Device 12 | . 1 . . . . 3 1 . 6 1 Storage 3 | 1 2 . . . . . . . . . Processor 7 | . . . . . 1 2 1 . 2 1 Hackware . | . . . . . . . . . . . Protection 8 | . . . . . 4 2 1 . 1 . Artifact . | . . . . . . . . . . . Weapon 24 | 2 . 1 . 1 1 13 1 . 5 . Energy Gun 7 | 1 . . . . 1 2 1 . 2 . Energy Cannon . | . . . . . . . . . . . Ballistic Gun 9 | 1 . 1 . . . 5 . . 2 . Ballistic Cannon 1 | . . . . 1 . . . . . . Launcher 5 | . . . . . . 5 . . . . Special Weapon . | . . . . . . . . . . . Impact Weapon 1 | . . . . . . . . . 1 . Slashing Weapon 1 | . . . . . . 1 . . . . Piercing Weapon . | . . . . . . . . . . . Special Melee Weapon . | . . . . . . . . . . . Unidentified Prototypes 4 | . . . . . . 3 1 . . . Parts Lost 81 | . . 1 . . 3 26 5 . 31 15 Power 21 | . . . . . . 6 1 . 9 5 Propulsion 31 | . . . . . 1 11 3 . 8 8 Utility 14 | . . . . . 2 2 1 . 8 1 Weapon 15 | . . 1 . . . 7 . . 6 1 Highest Loss Streak 12 | . . 1 . . 2 7 4 . 12 10 To Critical Strikes . | . . . . . . . . . . . Average Backups 22 | 4 13 20 24 24 24 24 24 25 21 22 Power 5 | . 1 3 6 6 5 4 6 7 5 5 Propulsion 2 | 2 3 5 5 5 3 1 . . . 1 Utility 8 | . 3 5 7 7 6 9 12 13 10 8 Weapon 5 | . 4 4 5 4 9 8 5 5 4 7 Tool/Special . | . . . . . . . . . . . Unused Backups 40 | . . . . 1 8 7 2 . 1 21 Power 5 | . . . . . . 1 . . . 4 Propulsion 1 | . . . . . . . . . . 1 Utility 16 | . . . . . 1 5 2 . . 8 Weapon 17 | . . . . 1 6 1 . . 1 8 Tool/Special 1 | . . . . . 1 . . . . . Average Slot Usage (%) 94 | . 97 99 100 100 98 91 90 100 83 93 Engine 11 | . 14 14 14 14 17 11 6 7 6 10 Core 2 | . . . . . . 1 7 7 4 . Treads 10 | . 9 28 28 28 . 5 . . . . Leg 5 | . 11 . . . 26 9 2 15 4 6 Wheel 7 | . 7 . . . . 9 18 15 8 15 Device 7 | . 11 14 14 14 2 5 3 . 4 5 Storage 9 | . 14 14 14 14 9 7 7 7 6 6 Processor 11 | . . . . . 8 14 18 23 24 32 Protection 5 | . . . . . 15 8 7 7 7 . Energy Gun 3 | . 14 2 . . 5 3 4 7 3 . Ballistic Gun 11 | . 14 25 28 18 3 7 7 7 3 . Ballistic Cannon 2 | . . . . 9 8 1 . . . . Slashing Weapon 1 | . . . . . . . 2 . 2 6 Peak Build Rating 67 | 6 8 10 10 13 21 50 51 51 63 67 Average Rating 29 | 4 7 9 10 11 18 29 48 51 52 54 On Entrance 24 | . 6 8 10 10 13 21 49 51 51 46 Avg Prop Armor Cover (%) 11 | . . . . . . 13 9 9 6 17 Naked Turns . | . . . . . . . . . . . Heaviest Build 122 | 14 90 90 90 95 106 110 115 113 122 108 Greatest Support 80 | 26 40 40 40 40 30 80 40 20 55 60 Greatest Overweight (x) 37 | . 4 2 2 2 5 9 10 5 37 10 Average Overweight (x) 3 | . . 2 2 2 3 2 4 5 4 2 Largest Inventory Capacity 25 | 8 25 25 25 25 25 25 25 25 25 25 Average Capacity 24 | 7 17 25 25 25 25 25 25 25 25 25 Most Carried 25 | 7 18 25 25 25 25 25 25 25 25 25 Average Carried 23 | 4 13 22 25 24 24 24 24 25 21 22 Final Capacity 25 | 8 25 25 25 25 25 25 25 25 25 25 Final Carried 25 | 7 18 25 25 25 25 25 25 25 21 21 Class Distribution -------------------- 51% | Mutant 40% | Scavenger-Mutant 7% | Scavenger-Gladiator Dominant Class ---------------- Mutant | -10/Materials Mutant | -10/Mines Mutant | -10/Exiles Mutant | -9/Mines Mutant | -8/Materials Scavenger-Mutant | -7/Factory Scavenger-Mutant | -7/Lower Caves Scavenger-Mutant | -7/Lower Caves Scavenger-Mutant | -6/Factory Scavenger-Gladiator | -6/Extension Resources | -11 -10 -10 -10 -9 -8 -7 -7 -7 -6 -6 ----------- Run | Yrd Mat Min Exi Min Mat Fac Low Low Fac Ext Matter Collected 2676 | 278 348 91 . 10 212 1022 235 . 336 144 Remotely 445 | . 280 91 . 10 64 . . . . . Salvage Created 3354 | 59 336 215 . . 205 995 315 . 766 463 Parts 184 | 2 20 19 . . 13 68 10 . 37 15 Haulers Intercepted . | . . . . . . . . . . . Recyclers Shooed 2 | . . . . . 2 . . . . . Parts Field Recycled . | . . . . . . . . . . . Retrieved Matter . | . . . . . . . . . . . Parts Self-Destructed 13 | . . . . . . . 13 . . . Prevented . | . . . . . . . . . . . Parts Restored . | . . . . . . . . . . . Kills | -11 -10 -10 -10 -9 -8 -7 -7 -7 -6 -6 ------- Run | Yrd Mat Min Exi Min Mat Fac Low Low Fac Ext Combat Hostiles Destroyed 77 | . 9 7 . . 9 28 7 . 10 7 Melee 15 | . . . . . . 1 3 . 4 7 Guns 47 | . 9 7 . . 5 17 4 . 5 . Cannons 5 | . . . . . 4 1 . . . . AOE 9 | . . . . . . 9 . . . . Classes Destroyed 14 | 1 3 . . . 2 5 1 . 2 . Worker 11 | . 1 . . . . 6 . . 4 . Builder 3 | . . . . . . 1 . . 1 1 Tunneler 1 | . . . . . . . . . 1 . Recycler 3 | 1 . . . . . . . . 2 . Mechanic 1 | . . . . . . 1 . . . . Operator 1 | . . . . . 1 . . . . . Swarmer 23 | . 3 3 . . 5 9 . . 3 . Saboteur 1 | . . . . . . . . . 1 . Grunt 28 | . 6 4 . . 3 3 5 . 3 4 Duelist 2 | . . . . . . . 2 . . . Sentry 10 | . . . . . . 6 . . 1 3 Specialist 2 | . . . . . . 2 . . . . Hunter 7 | . . . . . 1 5 . . 1 . Programmer 4 | . . . . . . 3 . . 1 . Best Kill Streak 11 | 1 4 3 . . 6 11 4 . 5 3 Combat Bots Only 9 | . 4 3 . . 6 9 4 . 3 3 Max Kills in Single Turn 2 | 1 1 1 . . 1 2 1 . 2 1 Gunslinging 1 | . . . . . . . . . 1 . Exploded 2 | . . . . . . 2 . . . . Melee 1 | . . . . . . 1 1 . 1 1 Uniques/NPCs Destroyed . | . . . . . . . . . . . Combat | -11 -10 -10 -10 -9 -8 -7 -7 -7 -6 -6 -------- Run | Yrd Mat Min Exi Min Mat Fac Low Low Fac Ext Hostile Shots Fired 921 | . 35 23 . . 70 365 55 . 273 100 Missed 278 | . 11 8 . . 17 134 17 . 60 31 Hits 643 | . 24 15 . . 53 231 38 . 213 69 Melee 2 | . . . . . . . 2 . . . Projectile 641 | . 24 15 . . 53 231 36 . 213 69 Critical Strikes 15 | . . . . . . 4 4 . 5 2 Part Disruptions 1 | . . . . . . . . . 1 . Damage Taken 8290 | . 245 176 . . 633 2533 622 . 2937 1144 Core 1440 | . 70 8 . . 117 313 67 . 574 291 Absorbed by Shields . | . . . . . . . . . . . Redirected to Shielding 48 | . . . . . . 48 . . . . Regen/Repaired (Parts) 37 | . . . . . . . . . 37 . Core Remaining (%) 72 | 100 . . . 68 78 . . 45 . . Volleys Fired 192 | 7 25 17 . . 24 69 15 . 35 . Largest 2 | 2 2 2 . . 2 2 2 . 2 . Hottest 120 | 70 70 70 . . 105 120 108 . 119 . Shots Fired 350 | 14 50 33 . . 41 129 25 1 57 . Gun 294 | 14 50 33 . . 17 97 25 1 57 . Cannon 33 | . . . . . 24 9 . . . . Launcher 23 | . . . . . . 23 . . . . Special . | . . . . . . . . . . . Kinetic 223 | 7 25 27 . . 37 80 16 1 30 . Thermal 103 | 7 25 6 . . 4 26 9 . 26 . Explosive 9 | . . . . . . 9 . . . . Electromagnetic 15 | . . . . . . 14 . . 1 . Robot Hit Streak 19 | 7 10 10 . . 6 19 9 . 19 . Robot Miss Streak 6 | 1 4 2 . . 5 5 6 . 4 . Penetration Max 1 | . . . . . . . . . 1 . Secondary Targets 2 | . . . . . . . 1 . 1 . Max Gunslinging Chain 1 | . . . . . . . 1 . 1 . Shots Hit Robots 301 | 10 33 23 . . 26 98 33 . 65 13 Core Hits 257 | 2 17 13 . . 22 137 23 . 35 8 Critical Kills 3 | . . . . . 2 . . . 1 . Critical Parts Destroyed 5 | . 1 . . . 2 1 . . 1 . Critical Strikes 17 | . 3 . . . 4 2 2 . 3 3 Burn 2 | . 2 . . . . . . . . . Destroy 8 | . 1 . . . 4 1 . . 2 . Sever 7 | . . . . . . 1 2 . 1 3 Melee Attacks 60 | . . . . . . 2 10 . 31 17 Impact 7 | . . . . . . . . . 5 2 Slashing 53 | . . . . . . 2 10 . 26 15 Piercing . | . . . . . . . . . . . Sneak Attacks 8 | . . . . . . . . . 7 1 Combat Hostiles . | . . . . . . . . . . . Follow-up Attacks 3 | . . . . . . . . . 2 1 Damage Inflicted 8092 | 129 419 298 . . 510 2911 967 . 2118 740 Guns 4267 | 129 419 291 . . 185 1787 494 . 962 . Cannons 459 | . . . . . 320 139 . . . . Explosions 895 | . . . . . . 895 . . . . Melee 2459 | . . . . . . 90 473 . 1156 740 Ramming 12 | . . 7 . . 5 . . . . . Kinetic 2951 | 54 195 231 . . 442 1329 286 . 414 . Thermal 1786 | 75 224 60 . . 63 625 208 . 531 . Explosive 493 | . . . . . . 493 . . . . Electromagnetic 391 | . . . . . . 374 . . 17 . Impact 89 | . . . . . . . . . 39 50 Slashing 2370 | . . . . . . 90 473 . 1117 690 Piercing . | . . . . . . . . . . . Highest Corruption 4 | . . . . . . 3 3 3 4 4 Average Corruption 2 | . . . . . . 1 3 3 1 4 Corruption Purged . | . . . . . . . . . . . Corruption Blocked . | . . . . . . . . . . . Effects 76 | . . . . . . 13 37 2 8 16 Message Errors 18 | . . . . . . 3 12 1 1 1 Matter Fused 23 | . . . . . . 5 10 . 1 7 Heat Flow Errors 7 | . . . . . . 1 5 . . 1 Energy Discharges 11 | . . . . . . 1 5 . 2 3 Data Loss (minor) 10 | . . . . . . 1 3 . 4 2 Data Loss (major) 3 | . . . . . . . 1 . . 2 Misfires 4 | . . . . . . 2 1 1 . . Overload Shots . | . . . . . . . . . . . Overflow Damage 267 | . . . . . 25 23 18 . 201 . Projectiles 25 | . . . . . 25 . . . . . Explosions 23 | . . . . . . 23 . . . . Melee 219 | . . . . . . . 18 . 201 . Knockbacks 4 | . . . . . 2 2 . . . . Impact . | . . . . . . . . . . . Kinetic 4 | . . . . . 2 2 . . . . Secondary . | . . . . . . . . . . . Self-Inflicted Damage 25 | . . . . . . 25 . . . . Shots 3 | . . . . . . 3 . . . . Rammed 1 | . . 1 . . . . . . . . Targets Rammed 3 | . . 1 . . 2 . . . . . Kicked 2 | . . . . . 2 . . . . . Crushed . | . . . . . . . . . . . Highest Temperature 360 | 54 105 45 . . 310 305 274 . 360 239 Average Temperature 100 | 25 41 20 . . 139 110 111 . 122 103 Received Heat Transfer 2100 | . 111 87 . . 198 498 378 . 465 363 Effects 3 | . . . . . 1 . . . 2 . Shutdowns 1 | . . . . . . . . . 1 . Interference 1 | . . . . . . . . . 1 . Damage (minor) 1 | . . . . . 1 . . . . . Siege Activations . | . . . . . . . . . . . Martial Activations . | . . . . . . . . . . . Shielding Activations . | . . . . . . . . . . . Robots Disrupted . | . . . . . . . . . . . Combat Hostiles . | . . . . . . . . . . . Robots Corrupted 1 | . . . . . . . . . 1 . Combat Hostiles 1 | . . . . . . . . . 1 . Parts Fried 1 | . . . . . . . . . 1 . Impact Corruptions 2 | . . . . . . . . . 2 . Robots Melted . | . . . . . . . . . . . Combat Hostiles . | . . . . . . . . . . . Parts Melted 4 | . 2 . . . . 1 . . 1 . Heat Transferred 4318 | 222 814 185 . . 90 1370 475 . 1162 . Parts Sabotaged . | . . . . . . . . . . . Parts Stolen . | . . . . . . . . . . . Parts Stripped . | . . . . . . . . . . . Power Chain Reactions 1 | . . . . . . 1 . . . . Alert | -11 -10 -10 -10 -9 -8 -7 -7 -7 -6 -6 ------- Run | Yrd Mat Min Exi Min Mat Fac Low Low Fac Ext Maximum Alert Level 1 | . . . . . . 1 . . . . Low Security (%) 95 | 100 100 100 . 100 100 78 . . 100 100 Level 1 4 | . . . . . . 21 . . . . Level 2 . | . . . . . . . . . . . Level 3 . | . . . . . . . . . . . Level 4 . | . . . . . . . . . . . Level 5 . | . . . . . . . . . . . High Security . | . . . . . . . . . . . Max Security . | . . . . . . . . . . . Peak Influence 273 | 5 166 70 . . 122 273 . . 72 168 Initial 33 | . . 33 . . . . . . . . Average 32 | . 71 10 . . 23 89 . . 11 48 Influence Increases 2449 | 5 264 185 . . 222 871 160 . 306 436 Destroy 0b10 Robot/C 1620 | . 180 140 . . 180 560 140 . 200 220 Destroy 0b10 Robot/NC 100 | 5 5 . . . 5 40 . . 40 5 Destroy Leader 340 | . 40 30 . . 30 140 20 . 40 40 Allied During Kill 40 | . . . . . . . . . . 40 Successful Hack 57 | . 8 . . . . . . . 24 25 Disable Machine 15 | . . . . . . 15 . . . . Destroy Structure 67 | . 1 . . . 7 56 . . 2 1 Lose Combat Pursuer 210 | . 30 15 . . . 60 . . . 105 Influence Decreases 2399 | 5 178 271 . . 222 619 412 . 306 386 Entered New Map 147 | . . 53 . . . . 94 . . . Time Decay 1641 | 5 178 208 . . 192 368 298 . 201 191 Lost Part 551 | . . 10 . . 30 251 20 . 105 135 Lost Ally 60 | . . . . . . . . . . 60 Squads Dispatched 22 | . 2 . . . 1 10 . . 5 4 Investigation 7 | . 1 . . . . 1 . . 1 4 Extermination 4 | . . . . . . 2 . . 2 . Reinforcement 4 | . 1 . . . 1 1 . . 1 . Assault . | . . . . . . . . . . . Garrison 7 | . . . . . . 6 . . 1 . Intercept . | . . . . . . . . . . . Searches Triggered . | . . . . . . . . . . . Construction Impeded . | . . . . . . . . . . . Haulers Reinforced 1 | . . . . . . 1 . . . . Active Scanning Responses . | . . . . . . . . . . . Cargo Convoy Interrupts 2 | . . . . . . 1 . . 1 . Stealth | -11 -10 -10 -10 -9 -8 -7 -7 -7 -6 -6 --------- Run | Yrd Mat Min Exi Min Mat Fac Low Low Fac Ext Distress Signals 5 | . . . . . 1 2 . . 1 1 Communications Jammed . | . . . . . . . . . . . Distress Signals . | . . . . . . . . . . . Times Spotted 130 | . 10 8 . . 23 36 7 . 23 23 Peak Tracking Total 14 | . 3 2 . . 9 14 4 . 12 8 Tactical Retreats 11 | . 2 1 . . . 3 . . . 5 Traps | -11 -10 -10 -10 -9 -8 -7 -7 -7 -6 -6 ------- Run | Yrd Mat Min Exi Min Mat Fac Low Low Fac Ext Traps Triggered 1 | . 1 . . . . . . . . . Indirectly . | . . . . . . . . . . . Trap Hack Attempts . | . . . . . . . . . . . Triggered . | . . . . . . . . . . . Disarmed . | . . . . . . . . . . . Reprogrammed . | . . . . . . . . . . . Reused . | . . . . . . . . . . . Traps Extracted . | . . . . . . . . . . . Installed . | . . . . . . . . . . . Triggered . | . . . . . . . . . . . Most Traps Carried 3 | . . 3 1 1 . . . . . . Machines | -11 -10 -10 -10 -9 -8 -7 -7 -7 -6 -6 ---------- Run | Yrd Mat Min Exi Min Mat Fac Low Low Fac Ext Machines Disabled 1 | . . . . . . 1 . . . . Max in Single Turn 1 | . . . . . . 1 . . . . Machines Repaired . | . . . . . . . . . . . Machines Dismantled . | . . . . . . . . . . . Machines Sabotaged . | . . . . . . . . . . . Overloaded Fab Kills . | . . . . . . . . . . . Hacking | -11 -10 -10 -10 -9 -8 -7 -7 -7 -6 -6 --------- Run | Yrd Mat Min Exi Min Mat Fac Low Low Fac Ext Machines Accessed 17 | . 2 . 1 . 1 1 1 . 3 8 Terminals 12 | . 2 . . . 1 . . . 1 8 Fabricators . | . . . . . . . . . . . Repair Stations 1 | . . . . . . . . . 1 . Recycling Units 1 | . . . . . . . . . 1 . Scanalyzers . | . . . . . . . . . . . Garrison Access 1 | . . . . . . 1 . . . . Total Hacks 29 | . 2 . 1 . 1 2 1 . 5 17 Successful 15 | . 1 . 1 . . . 1 . 4 8 Failed 14 | . 1 . . . 1 2 . . 1 9 Catastrophic 6 | . 1 . . . . 1 . . 1 3 Database Lockouts . | . . . . . . . . . . . Manual 7 | . 2 . 1 . 1 . . . . 3 Terminals 21 | . 2 . . . 1 . . . 1 17 Fabricators . | . . . . . . . . . . . Repair Stations 3 | . . . . . . . . . 3 . Recycling Units 1 | . . . . . . . . . 1 . Scanalyzers . | . . . . . . . . . . . Garrison Access 2 | . . . . . . 2 . . . . Terminal Hacks 12 | . 1 . 1 . . . 1 . 1 8 Record 4 | . . . 1 . . . . . . 3 Open Door 5 | . . . . . . . 1 . . 4 Alert Level 2 | . . . . . . . . . 1 1 Registered Components 1 | . 1 . . . . . . . . . Fabricator Hacks . | . . . . . . . . . . . Repair Station Hacks 2 | . . . . . . . . . 2 . Scan Component 1 | . . . . . . . . . 1 . Repair 1 | . . . . . . . . . 1 . Recycling Unit Hacks 1 | . . . . . . . . . 1 . Report Inventory 1 | . . . . . . . . . 1 . Scanalyzer . | . . . . . . . . . . . Garrison Access Hacks . | . . . . . . . . . . . Unauthorized Hacks . | . . . . . . . . . . . Terminals . | . . . . . . . . . . . Fabricators . | . . . . . . . . . . . Repair Stations . | . . . . . . . . . . . Recycling Units . | . . . . . . . . . . . Scanalyzers . | . . . . . . . . . . . Garrison Access . | . . . . . . . . . . . Data Cores Recovered . | . . . . . . . . . . . Used . | . . . . . . . . . . . Hacking Detections 11 | . 1 . . . . 1 . . 3 6 Full Trace Events 6 | . . . . . . 1 . . 1 4 Feedback Events . | . . . . . . . . . . . Feedback Blocked . | . . . . . . . . . . . Robot Schematics Acquired . | . . . . . . . . . . . Robots Built . | . . . . . . . . . . . Authchips . | . . . . . . . . . . . Time . | . . . . . . . . . . . Total Robot Build Rating . | . . . . . . . . . . . Part Schematics Acquired . | . . . . . . . . . . . Parts Built . | . . . . . . . . . . . Authchips . | . . . . . . . . . . . Time . | . . . . . . . . . . . Total Part Build Rating . | . . . . . . . . . . . Part Studies Acquired . | . . . . . . . . . . . Parts Repaired 1 | . . . . . . . . . 1 . Time 13 | . . . . . . . . . 13 . Parts Recycled . | . . . . . . . . . . . Recycled Matter . | . . . . . . . . . . . Retrieved Matter . | . . . . . . . . . . . Retrieved Components . | . . . . . . . . . . . Parts Scanalyzed . | . . . . . . . . . . . Part Schematics Acquired . | . . . . . . . . . . . Parts Damaged . | . . . . . . . . . . . Bothacking | -11 -10 -10 -10 -9 -8 -7 -7 -7 -6 -6 ------------ Run | Yrd Mat Min Exi Min Mat Fac Low Low Fac Ext Used RIF Installer . | . . . . . . . . . . . Robots Hacked . | . . . . . . . . . . . Non-combat . | . . . . . . . . . . . Combat . | . . . . . . . . . . . Robot Hacks Applied . | . . . . . . . . . . . Relay Couplers Released . | . . . . . . . . . . . Fabnet Peak Effective % . | . . . . . . . . . . . Robots Rewired . | . . . . . . . . . . . Allies Hacked . | . . . . . . . . . . . Hacks Repelled . | . . . . . . . . . . . Allies | -11 -10 -10 -10 -9 -8 -7 -7 -7 -6 -6 -------- Run | Yrd Mat Min Exi Min Mat Fac Low Low Fac Ext Total Allies 5 | . . . . . . . . . . 5 Largest Group 4 | . . . . . . . . . . 4 Highest-Rated Group 109 | . . . . . . . . . . 109 Highest-Rated Ally 39 | . . . . . . . . . . 39 Total Orders . | . . . . . . . . . . . Ally Attacks 27 | . . . . . . . . . . 27 Total Damage 675 | . . . . . . . . . . 675 Kills 4 | . . . . . . . . . . 4 Allies Corrupted . | . . . . . . . . . . . Allies Melted . | . . . . . . . . . . . Intel | -11 -10 -10 -10 -9 -8 -7 -7 -7 -6 -6 ------- Run | Yrd Mat Min Exi Min Mat Fac Low Low Fac Ext Active Infowar (turns) 296 | . . . . . . . 199 . 97 . IFF 97 | . . . . . . . . . 97 . Terrain 199 | . . . . . . . 199 . . . Robot Analysis Total . | . . . . . . . . . . . Derelict Logs Recovered 8 | . . 2 . 3 . . 3 . . . Drone Launches . | . . . . . . . . . . . Drone Recoveries . | . . . . . . . . . . . Exploration | -11 -10 -10 -10 -9 -8 -7 -7 -7 -6 -6 ------------- Run | Yrd Mat Min Exi Min Mat Fac Low Low Fac Ext Turns Passed 11321 | 114 581 1759 589 1244 1017 1530 2375 165 1362 585 Spaces Moved 4802 | 80 283 526 185 337 273 627 1608 107 449 327 Core 19 | 12 . . . . . . . . 7 . Treads 1174 | . 56 526 185 337 . 70 . . . . Legs 586 | . 79 . . . 273 165 . . 50 19 Wheels 3021 | 68 148 . . . . 392 1608 107 390 308 Hover 2 | . . . . . . . . . 2 . Flight . | . . . . . . . . . . . Fastest Speed 50 | 50 90 320 320 320 330 110 110 155 100 115 Average Speed 207 | 87 165 320 320 320 331 187 141 155 246 133 Slowest Speed 1900 | 100 400 320 320 320 470 750 230 155 1900 330 Overloaded Moves . | . . . . . . . . . . . Propulsion Burnouts . | . . . . . . . . . . . Robots Hopped . | . . . . . . . . . . . Potential Cave-ins . | . . . . . . . . . . . Cave-ins Triggered . | . . . . . . . . . . . Exploration Rate (%) 43 | 5 41 95 59 73 27 10 99 23 9 38 Regions Visited 10 Branch Regions 6 Pre-discovered Areas 4 | . . 2 . 2 . . . . . . Known Exits Taken 1 | . . . . . . . 1 . . . Unknown Exits Taken 9 | 1 1 1 1 1 1 1 . 1 1 . Scrap Searched 5 | . . 1 . 2 . . 2 . . . Spaces Dug 2 | . . . . . . . . . 2 . Terrain Destroyed 71 | . . . . . 5 64 . . 2 . Melee 2 | . . . . . . . . . 2 . Projectile 7 | . . . . . 5 2 . . . . AOE 62 | . . . . . . 62 . . . . Terrain Rammed . | . . . . . . . . . . . Walls Destroyed . | . . . . . . . . . . . Machines Disabled . | . . . . . . . . . . . Actions | -11 -10 -10 -10 -9 -8 -7 -7 -7 -6 -6 --------- Run | Yrd Mat Min Exi Min Mat Fac Low Low Fac Ext Total 5755 | 107 347 571 184 505 359 858 1672 106 595 451 Wait 388 | 7 15 11 . 163 3 62 17 . 23 87 Move 4792 | 79 282 525 184 336 272 626 1607 106 448 327 Hop . | . . . . . . . . . . . Pick Up 128 | 8 14 12 . 2 22 32 7 . 24 7 Fast Attach 34 | 5 . . . 1 2 13 2 . 6 5 Attach 70 | 1 3 1 . . 10 18 3 . 26 8 Detach 5 | . . . . . 2 2 . . . 1 Swap 30 | . 4 . . . 3 14 4 . 5 . Drop 58 | . 4 4 . 3 19 20 5 . 2 1 Fire 192 | 7 25 17 . . 24 69 15 . 35 . Melee 53 | . . . . . . 2 10 . 26 15 Ram . | . . . . . . . . . . . Kick 2 | . . . . . 2 . . . . . Crush 1 | . . 1 . . . . . . . . Escape Stasis . | . . . . . . . . . . . Rewire 2 | . . . . . . . 2 . . . Trap . | . . . . . . . . . . . Miscellaneous . | . . . . . . . . . . . Route ------- -11/Scrapyard -10/Materials (discovered 2 exits: [*Mat] / [*Min]) -10/Mines (discovered 4 exits: [*Mat x2] / *Exi / [*Sub]) -10/Exiles -9/Mines -8/Materials -7/Factory -7/Lower Caves -7/Lower Caves -6/Factory (discovered 2 exits: Low / *Ext) -6/Extension History --------- Turn | Location | Event 8 | -11/Scrapyard | Discovered new exit (range 13) 115 | -11/Scrapyard | Entered Materials 304 | -10/Materials | Build established: Mutant 380 | -10/Materials | Discovered new exit (range 8) 407 | -10/Materials | Discovered new exit (range 14) 696 | -10/Materials | Entered Mines 805 | -10/Mines | Learned location of Storage (-7) 866 | -10/Mines | Found a hidden stash of uninstalled traps 933 | -10/Mines | Learned location of Mines (-9) 1237 | -10/Mines | Received a Rocket Launcher from a helpful Derelict 1626 | -10/Mines | Discovered new exit (range 12) 1745 | -10/Mines | Discovered new exit (range 7) 1979 | -10/Mines | Discovered new exit (range 5) 2439 | -10/Mines | Deemed a non-threat by the Exiles lab entrance 2439 | -10/Mines | Discovered new exit (range 5) 2455 | -10/Mines | Entered Exiles 2455 | -10/Exiles | Found Exiles lab abandoned 3006 | -10/Exiles | Discovered new exit (range 14) 3044 | -10/Exiles | Entered Mines 3307 | -9/Mines | Learned location of Recycling (-7) 3464 | -9/Mines | A weapon hastily lodged in a ceiling crevice suddenly fell to the ground 3915 | -9/Mines | Learned location of Zion (-7) 4053 | -9/Mines | Discovered new exit (range 14) 4288 | -9/Mines | Entered Materials 4288 | -8/Materials | Evolved 4 slots: Power x1, Propulsion x1, Utility x2 5179 | -8/Materials | Discovered new exit (range 6) 5305 | -8/Materials | Entered Factory 5305 | -7/Factory | Evolved 2 slots: Propulsion x1, Utility x1 5532 | -7/Factory | Build established: Scavenger-Mutant 5659 | -7/Factory | Garrison activated, responded to threat 5723 | -7/Factory | Lost 7 parts (2p3n2w) 5912 | -7/Factory | Lost 3 parts (1p2n) 5949 | -7/Factory | Build established: Mutant 6001 | -7/Factory | Garrison activated, responded to threat 6050 | -7/Factory | Lost 3 parts (1u2w) 6181 | -7/Factory | Lost 4 parts (2p2n) 6343 | -7/Factory | Build established: Scavenger-Mutant 6356 | -7/Factory | Lost 4 parts (3n1w) 6454 | -7/Factory | Cargo convoy interrupted 6555 | -7/Factory | Destroyed 9 combat bots 6555 | -7/Factory | Lost 5 parts (1p1n1u2w) 6623 | -7/Factory | Found Prototype Processor 6767 | -7/Factory | Discovered new exit (range 11) 6835 | -7/Factory | Entered Lower Caves 7056 | -7/Lower Caves | Learned 8 Factory zone layouts 7161 | -7/Lower Caves | Encountered a Warlord checkpoint 7399 | -7/Lower Caves | Core integrity fell below 50% 7449 | -7/Lower Caves | Lost 4 parts (1p3n) 7489 | -7/Lower Caves | Learned Factory emergency access door positions 7494 | -7/Lower Caves | Identified exit to Lower Caves 8048 | -7/Lower Caves | Identified Exp. Terrain Scan Processor 9210 | -7/Lower Caves | Entered another Lower Caves area 9250 | -7/Lower Caves | Encountered a Warlord checkpoint 9259 | -7/Lower Caves | Discovered new exit (range 15) 9375 | -7/Lower Caves | Entered Factory 9375 | -6/Factory | Evolved 2 slots: Utility x2 9376 | -6/Factory | Identified exit to Lower Caves 9581 | -6/Factory | Repaired Wheel 9695 | -6/Factory | Lost 6 parts (2p3n1w) 10167 | -6/Factory | Garrison activated, responded to threat 10276 | -6/Factory | Lost 12 parts (2p2n4u4w) 10373 | -6/Factory | Lost 5 parts (2p2u1w) 10633 | -6/Factory | Discovered new exit (range 16) 10702 | -6/Factory | Cargo convoy interrupted 10703 | -6/Factory | Core integrity fell below 50% 10721 | -6/Factory | Build established: Scavenger-Gladiator 10737 | -6/Factory | Entered Extension 10766 | -6/Extension | Lost 6 parts (2p3n1u) 10773 | -6/Extension | Rescued a captive Derelict 11097 | -6/Extension | Rescued a captive Derelict 11121 | -6/Extension | Rescued a captive Derelict 11121 | -6/Extension | Rescued a captive Derelict 11175 | -6/Extension | Rescued a captive Derelict 11221 | -6/Extension | Spotted B-75 Beast 11302 | -6/Extension | Spotted B-75 Beast 11313 | -6/Extension | Core integrity fell below 20% 11322 | -6/Extension | Destroyed by B-75 Beast with Magnetic Acceleration Cannon Last Messages --------------- 11303_ Machine disabled. 11306_ Carbon-fiber Leg destroyed. 11307_ B-75 Beast system corrupted by crushing effect. 11308_ Power Maul destroyed. 11309_ 84-YD0(b) destroyed. 11309_ Machine disabled. 11311_ Carbon-fiber Leg destroyed. 11311_ Imp. Deuterium Engine destroyed. 11312_ Imp. Heat Sink destroyed. 11314_ Carbon-fiber Leg destroyed. 11314_ Knocked back. 11315_ System corrupted: Matter fused (-5). 11317_ Carbon-fiber Leg destroyed. 11317_ Imp. Deuterium Engine destroyed. 11318_ Wheel destroyed. 11320_ T-07 Excavator suffers critical hit (Blast). 11320_ T-07 Excavator destroyed. 11322_ Lgt. Nuclear Core destroyed. Map ----- +----------------------------------------------------+ | #### !##### ###### #???????????????????? | | #???????????????????? | | #### ############# ####### #???????????????????? | | ???#####???????????# T#????#%#???????????????????? | | ???????????????????#"##????#!#???????????????????? | | ???????????????????????????#*#???????????????????? | | ???????????????????????????#[#???????????????????? | | ???????????????????????????#%#???????????????????? | | ???????????????????????????# #???????????????????? | | ???????????????????????????#%#???????????????????? | | ???????????????????????????#=#???????????????????? | | ???????????????????????????#*#???????????????????? | | ??????????????????????????##[#???????????????????? | | ??????????????????????????#%!#???????????????????? | | ??????????????????????????##%#???????????????????? | | ???????????????????????????#!#???????????????????? | | ???????????????????????????#%#???????????????????? | | ???????????????????????????#%#??##??#????????????? | | ?????????????????????????###[### ## ###??????????? | | ?????????????????????????#" *"" "" ?????????? | | ?????????????????????????#%%] " "????????? | | ?????????????????????????# ==%% ???????? | | ???????????????????????### % g ???????? | | ?????????????###########;;BB g ???????? | | ????????? gBB BB ???????? | | ????????? @ BB ???????? | | ????????? % w ????????? | | ?????????? = u ????????? | | ?????????? %| A R?????????? | | ???????????######;######## ?????????? | | ?????????????????????????# ?????????? | | ?????????????????????????# ??????????? | | ?????????????????????????# ??????????? | | ?????????????????????????# ???????????? | | ??????????????????????????#####T#"""##???????????? | | ???????????????????????????????##????????????????? | | ?????????????????????????????????????????????????? | | | | | | | | | | | | | | | | | | | | | | | | | | | +----------------------------------------------------+ Best States ------------- Heat Dissipation 51 Energy Generation 35 Energy Capacity 480 Matter Stores 300 Matter Capacity 300 Sight Range 16 Terrain Scan Range 16 Terrain Scan Density 1010 Additional Mass Support 9 Armor Coverage 450 Core Shielding 20 Evasion (%) 50 Targeting Accuracy 12 Melee Accuracy 14 Target Analysis 5 Recoil Reduction 4 Energy Filtering 30 Item Schematics ----------------- None Robot Schematics ------------------ None Fabricated ------------ Nothing Repaired ---------- Wheel | 7% | -6/Factory Studied --------- None Alien Tech Used ----------------- None Achievements -------------- None Challenges ------------ None Game ------ Seed PietyBackupFilter Manual? 0 Play Time 01:12:42 Cumulative 78.0 hours Start 2026.08.04 @ 17:35:16 End 2026.08.04 @ 18:55:36 Sessions 1 Manual Loads 0 Difficulty Rogue Special Mode None Game No. 143 Rogue 143 Adventurer 0 Explorer 0 Win Type - Total 0 Types 0/0/0/0/0/0/0/0/0/0 Lore% 14 Gallery% 37 Achievement% 22 Wizard Run 0 Options --------- Layout 1 ASCII 0 Keyboard 1 Movement Numpad Keybinds 0 Fullscreen 2 Font 32/SmallcapsGlow Map View 50x35 Zoom Use 0% Tactical HUD 1 Map Filters NONE Filters NONE Steam 1 RUN: 1a8f782c-4d7a-4d2b-9af1-ae658f703d12